 Dungeon Crawl Stone Soup version 0.30-a0-799-g109b55a442 (webtiles) character file.

Game seed: 3212072019591706715

3412 Pimp the Covert (level 10, -4/56 HPs)
             Began as an Octopode Venom Mage on Feb 21, 2023.
             Was a Believer of Okawaru.
             Slain by a two-headed ogre
             ... wielding a +0 dire flail
              (6 damage)
             ... on level 8 of the Dungeon.
             The game lasted 00:20:45 (8121 turns).

Pimp the Covert (Octopode Venom Mage)               Turns: 8121, Time: 00:20:45

Health: -4/56      AC: 12    Str:  8    XL:     10   Next: 4%
Magic:  11/17      EV: 15    Int: 19    God:    Okawaru [**....]
Gold:   279        SH:  0    Dex: 15    Spells: 4/19 levels left

rFire   + . .      SeeInvis +    f - +5 dagger (protect)
rCold   x . .      Faith    .    (no shield)
rNeg    . . .      Spirit   .    (helmet restricted)
rPois   .          Reflect  .    (no amulet)
rElec   .          Harm     .    p - ring of willpower
rCorr   .          Rampage  .    k - ring of see invisible
Will    +....                    u - +4 ring of protection
Stlth   +++++++                  s - ring of fire
HPRegen 0.00/turn                (no ring)
MPRegen 0.15/turn                (no ring)
                                 (no ring)
                                 (no ring)

@: under a protective aura, inhibited regen, studying Stealth
A: almost no armour, amphibious, 8 rings, camouflage 1, gelatinous body 1,
(nimble swimmer 1), tentacles, inhibited regeneration
a: Renounce Religion, Heroism


You were on level 8 of the Dungeon.
You worshipped Okawaru.
Okawaru was pleased with you.
You visited 2 branches of the dungeon, and saw 9 of its levels.

You collected 342 gold pieces.
You spent 63 gold pieces at shops.

Inventory:

Hand Weapons
 d - a +0 falchion of freezing
 f - a +5 dagger of protection (weapon)
Missiles
 c - 14 poisoned darts
 v - 6 silver boomerangs
Jewellery
 g - a ring of flight
 k - a ring of see invisible (right tentacle)
 p - a ring of willpower (left tentacle)
 s - a ring of fire (on tentacle)
 u - a +4 ring of protection (on tentacle)
Wands
 i - a wand of digging (7)
 j - a wand of acid (4)
 n - a wand of paralysis (9)
 y - a wand of roots (11)
Scrolls
 b - 3 scrolls of fog
 h - 2 scrolls of vulnerability
 l - 2 scrolls of enchant armour
 o - 3 scrolls of magic mapping
 w - 3 scrolls of identify
 z - 2 scrolls of poison {unknown}
 A - a scroll of amnesia {unknown}
Potions
 a - a potion of magic
 e - a potion of resistance {unknown}
 m - 4 potions of curing
 q - a potion of heal wounds {unknown}
 r - 2 potions of lignification
 t - 2 potions of berserk rage {unknown}
 x - a potion of flight {unknown}


   Skills:
 + Level 3.9 Short Blades
 + Level 5.5 Dodging
 * Level 14.4 Stealth
 + Level 5.0 Spellcasting
 + Level 5.0 Transmutations
 * Level 8.9 Poison Magic


You had 4 spell levels left.
You knew the following spells:

 Your Spells              Type           Power      Damage    Failure   Level
a - Sting                 Tmut/Pois      100%       1d8       1%          1
b - Poisonous Vapours     Pois/Air       42%        N/A       3%          2
c - Olgreb's Toxic Radia  Pois           38%        N/A       3%          4
d - Ignite Poison         Fire/Tmut/Pois 33%        N/A       5%          3
e - Mephitic Cloud        Conj/Pois/Air  16%        N/A       11%         3
f - Searing Ray           Conj           8%         2d4       19%         2

Your spell library contained the following spells:

 Spells                   Type           Power      Damage    Failure   Level
 Cigotuvi's Dreadful Rot  Necr/Pois/Air  32%        N/A       5%          2
 Apportation              Tloc           8%         N/A       12%         1
 Magic Dart               Conj           16%        1d3       12%         1
 Necrotise                Necr           16%        1d4       12%         1
 Shock                    Conj/Air       16%        1d4       12%         1
 Frozen Ramparts          Ice            8%         1d2       36%         3
 Kindle Blastsparks       Fire/Tloc/Air  14%        2d11      36%         3
 Ozocubu's Armour         Ice            4%         N/A       36%         3
 Swiftness                Air            4%         N/A       36%         3
 Ice Form                 Ice/Tmut       14%        N/A       41%         4
 Airstrike                Air            2%         2d(1-17)  77%         4
 Fulminant Prism          Conj/Hex       2%         3d5       77%         4
 Freezing Cloud           Conj/Ice/Air   2%         6-21      98%         5
 Ozocubu's Refrigeration  Ice            2%         4d7       100%        7
 Summon Small Mammal      Summ           Unusable   N/A       N/A         1
 Summon Ice Beast         Ice/Summ       Unusable   N/A       N/A         4

Dungeon Overview and Level Annotations

Branches:
Dungeon (8/15)             Temple (1/1) D:6            Lair (0/5) D:8

Altars:
Ashenzari
Dithmenos
Elyvilon
Fedhas
Gozag
Hepliaklqana
Kikubaaqudgha
Makhleb
Nemelex Xobeh
Okawaru
Qazlal
Ru
Sif Muna
Trog
Uskayaw
Vehumet
Wu Jian
Xom
Yredelemnul
Zin
The Shining One

Shops:
D:4 *

Annotations:
D:4 1 runed translucent door, Warped's ghost, novice MfGl
D:5 2 transporters, timneilson's ghost, novice GrFi
D:6 2 transporters, asti's ghost, novice MiBe


Innate Abilities, Weirdness & Mutations

You cannot wear most types of armour.
You are amphibious.
You can wear up to eight rings at the same time.
Your skin changes colour to match your surroundings (Stealth+).
Your rubbery body absorbs attacks. (AC +1, EV +1)
((You are camouflaged when in or above water. (Stealth+)))
You have tentacles for arms and can constrict up to eight enemies at once.
You do not regenerate when monsters are visible.


Message History

The two-headed ogre looks even sicker.
The two-headed ogre looks as sick as possible!
The two-headed ogre looks as sick as possible!
Your toxic aura wanes.
An orc priest and an orc come into view.
Casting: Olgreb's Toxic Radiance (dangerous; 3% risk of failure)
Confirm with . or Enter, or press ? or * to list all spells.
You begin to radiate toxic energy.
The orc priest shouts!
The orc priest is poisoned.
The orc shouts!
The orc is poisoned.
The orc looks even sicker.
The two-headed ogre looks as sick as possible!
You kill the orc!
The two-headed ogre attacks as you move away!
The two-headed ogre barely misses you.
The two-headed ogre hits you with a +0 giant club.
An orc comes into view. It is wielding a +0 hand axe.
The orc priest looks even sicker.
The orc is poisoned.
The two-headed ogre looks as sick as possible!
The two-headed ogre attacks as you move away!
The two-headed ogre barely misses you.
The two-headed ogre hits you with a +0 giant club!
Your toxic aura wanes.
You hit the orc priest.
Your weapon exudes an aura of protection.
Your grab misses the orc priest.
The orc priest is almost dead.
The orc priest calls down the wrath of Beogh upon you.
Beogh smites you!
* * * LOW HITPOINT WARNING * * *
Okay, then.
You feel better.
The two-headed ogre hits you with a +0 dire flail!
* * * LOW HITPOINT WARNING * * *
The two-headed ogre barely misses you.
The orc priest hits you but does no damage.
The two-headed ogre attacks as you move away!
The two-headed ogre hits you with a +0 dire flail.
You die...

##...# .............#
#...## ##8####.####.# #
######....+ .....∩8.# #.#
.. ...##...#####8###8##.#
#.##
#.####.##...##...........#
#...
#............###########.#
##### #..#....#####.## #.#
#.... #..>.# #.O## #.#
#.### #...=...# #..@# #.#
#.# ##.#....# #.)o#
#.###.# ..#.....# #..o.
#.<...# ###$#.#....
...#.## #######
#.#>....#.####.# # ###.###
# #.# .. #.# ### #.#
####.. #######.....


You could see a two-headed ogre (extremely poisoned), an orc priest (very
poisoned) and an orc (poisoned).

Vanquished Creatures
  A hornet (D:8)
  A troll (D:8)
  Sigmund (D:3)
  A wyvern (D:7)
  A steam dragon (D:7)
  A water moccasin (D:6)
  An orc warrior (D:7)
  4 black bears
  3 ice beasts
  3 ogres
  A bullfrog (D:6)
  3 necrophages
  6 killer bees
  A howler monkey (D:6)
  4 electric eels (D:8)
  8 hounds
  An orc priest (D:5)
  A jelly (D:6)
  Terence (D:3)
  4 iguanas
  4 orc wizards
  8 gnolls
  6 adders
  3 white imps
  2 worms
  2 dart slugs (D:1)
  22 orcs
  7 endoplasms
  A giant cockroach (D:1)
  4 goblins
  3 hobgoblins
  A quokka (D:1)
  5 ball pythons
  A bat (D:3)
  4 frilled lizards
  11 kobolds
  8 rats
139 creatures vanquished.

Vanquished Creatures (others)
  6 plants (D:6)
6 creatures vanquished.

Grand Total: 145 creatures vanquished

Notes
Turn   | Place    | Note
-------+----------+-------------------------------------------
     0 | D:1      | Pimp the Octopode Venom Mage began the quest for the Orb.
     0 | D:1      | Reached XP level 1. HP: 11/11 MP: 3/3
   139 | D:1      | Reached XP level 2. HP: 8/17 MP: 5/5
   152 | D:1      | Reached skill level 3 in Stealth
   487 | D:1      | Found a faded altar of an unknown god.
   936 | D:2      | Reached XP level 3. HP: 21/21 MP: 6/6
  1119 | D:2      | Found a sacrificial altar of Ru.
  1782 | D:3      | Reached skill level 4 in Stealth
  1790 | D:3      | Reached XP level 4. HP: 27/27 MP: 2/7
  1995 | D:3      | Noticed Sigmund
  1999 | D:3      | Killed Sigmund
  2000 | D:3      | Reached skill level 6 in Stealth
  2000 | D:3      | Reached XP level 5. HP: 31/31 MP: 7/9
  2000 | D:3      | Reached XP level 6. HP: 36/36 MP: 7/10
  2284 | D:3      | Reached skill level 7 in Stealth
  2522 | D:3      | Noticed Terence
  2530 | D:3      | Killed Terence
  2786 | D:4      | Noticed a black bear
  2792 | D:4      | Killed a black bear
  2793 | D:4      | Reached skill level 8 in Stealth
  2793 | D:4      | Reached skill level 5 in Poison Magic
  3063 | D:4      | Found Woxieph's Assorted Antiques.
  3072 | D:4      | Bought a fizzy black potion for 20 gold pieces
  3072 | D:4      | Bought a scroll labelled QOBLITEJU MENT for 23 gold pieces
  3072 | D:4      | Bought a fizzy dark potion for 20 gold pieces
  3151 | D:4      | Found a runed translucent door.
  3151 | D:4      | Noticed Warped's ghost (novice MfGl)
  3392 | D:4      | Reached XP level 7. HP: 41/41 MP: 11/11
  3495 | D:4      | Learned a level 2 spell: Poisonous Vapours
  3500 | D:4      | Learned a level 4 spell: Olgreb's Toxic Radiance
  3588 | D:5      | Entered Level 5 of the Dungeon
  3588 | D:5      | Found a transporter.
  3589 | D:5      | Noticed timneilson's ghost (novice GrFi)
  3590 | D:5      | Found a transporter.
  3674 | D:5      | Reached skill level 9 in Stealth
  3817 | D:5      | Reached skill level 1 in Short Blades
  4193 | D:5      | Identified the +1 scale mail "Qatwu" {rF- Str+3 Dex+5}
  4415 | D:5      | Gained mutation: You do not regenerate when monsters are
                  | visible. [potion of mutation]
  4496 | D:5      | Found a sparkling altar of Nemelex Xobeh.
  4504 | D:5      | Reached skill level 10 in Stealth
  4504 | D:5      | Reached XP level 8. HP: 46/46 MP: 13/13
  4835 | D:6      | Reached skill level 11 in Stealth
  4980 | D:6      | Found a staircase to the Ecumenical Temple.
  4990 | Temple   | Entered the Ecumenical Temple
  4999 | Temple   | Became a worshipper of Warmaster Okawaru
  5428 | D:6      | Found a transporter.
  5438 | D:6      | Reached XP level 9. HP: 51/51 MP: 15/15
  5524 | D:6      | Identified the amulet of the Robin {Faith rC+ Dex-2 Slay+2}
  5530 | D:6      | Identified the +1 ring mail "Pyimnim" {Drain rPois rN+++
                  | Int-5}
  5543 | D:6      | Found a transporter.
  5561 | D:6      | Reached skill level 12 in Stealth
  5831 | D:6      | Noticed asti's ghost (novice MiBe)
  6133 | D:6      | Reached * piety under Okawaru
  6135 | D:6      | Found an ancient bone altar of Kikubaaqudgha.
  6508 | D:7      | Reached skill level 5 in Dodging
  6515 | D:7      | Reached skill level 13 in Stealth
  6831 | D:7      | Learned a level 3 spell: Ignite Poison
  6835 | D:7      | Learned a level 3 spell: Mephitic Cloud
  6838 | D:7      | Learned a level 2 spell: Searing Ray
  6839 | D:7      | Found a shadowy altar of Dithmenos.
  6839 | D:7      | Found a hazy altar of Hepliaklqana.
  7036 | D:7      | Found a burning altar of Makhleb.
  7036 | D:7      | Noticed a green death
  7037 | D:7      | Found a glowing silver altar of Zin.
  7038 | D:7      | Noticed an angel
  7533 | D:8      | Found a staircase to the Lair.
  7535 | D:8      | Noticed a troll
  7554 | D:8      | Killed a troll
  7555 | D:8      | Reached skill level 14 in Stealth
  7819 | D:8      | Noticed a hornet
  7822 | D:8      | Paralysed by a hornet for 1 turns
  7824 | D:8      | Killed a hornet
  7824 | D:8      | Reached ** piety under Okawaru
  7825 | D:8      | Reached skill level 5 in Spellcasting
  7825 | D:8      | Reached skill level 5 in Transmutations
  7825 | D:8      | Reached XP level 10. HP: 46/56 MP: 4/17
  8054 | D:8      | Found a flagged portal.
  8103 | D:8      | Noticed a two-headed ogre
  8120 | D:8      | HP: 2/56 [two-headed ogre/+0 dire flail (14)]
  8121 | D:8      | Slain by a two-headed ogre

Illustrated notes

Levels and vault maps discovered:
D:1:      amcnicky_arrival_single_pillar, layout_basic,
          hellmonk_ecumenical_altar_lost_god, minmay_misc_feat_chi
D:2:      layout_rooms, basic_altar, roderic_roman_lattice, minmay_tripent
D:3:      layout_basic, uniq_sigmund, uniq_terence
D:4:      layout_loops_cross, ebering_ghost_inner_flame, serial_shops,
          nicolae_stop_n_shop_1, serial_bayou_pond_d,
          hangedman_decor_diamond_cutter, minmay_misc_feat_diagonals
D:5:      layout_basic, nemelex_dance_club_becter, gammafunk_ghost_smash
D:6:      layout_basic, kennysheep_little_box, minmay_temple_entry_glassed_door,
          gammafunk_ghost_gnarly_gnolls
D:7:      layout_loops_ring, grunt_temple_overflow_order_and_chaos_2,
          riverfiend_overflow_shadow_ancestor, nicolae_figureground_sparkle
D:8:      layout_loops_ring, erik_lair_island, enter_bailey_8
Temple:   hellmonk_temple_two_chambers

Skill      XL: |  1  2  3  4  5  6  7  8  9 |
---------------+----------------------------+-----
Stealth        | 3 4 6 8 10 11 14 | 14.4
Poison Magic   | 4 5 6 7 8 |  8.9
Dodging        | 3 4 5 |  5.5
Transmutations | 2 3 4 5 |  5.0
Spellcasting   | 3 4 5 |  5.0
Short Blades   | 1 2 3 |  3.9

Action                     |  1- 3 |  4- 6 |  7- 9 | 10-12 || total
---------------------------+-------+-------+-------+-------++-------
  Melee: Unarmed           |    11 |       |       |       ||    11
         Constrict         |    15 |    12 |    27 |     3 ||    57
         Tentacles         |    10 |    15 |    48 |     1 ||    74
         Falchion          |    16 |       |       |       ||    16
         Dagger            |    40 |    42 |   151 |     9 ||   242
         Punch             |     2 |     2 |     4 |       ||     8
   Cast: Sting             |     9 |     4 |     2 |       ||    15
         Olgreb's Toxic Ra |       |       |    23 |     2 ||    25
         Poisonous Vapours |       |       |     5 |       ||     5
    Use: Scroll            |     7 |     3 |     6 |       ||    16
         Potion            |     4 |       |    11 |     1 ||    16
   Stab: Sleeping          |     9 |     9 |    15 |     1 ||    34
 Armour: Skin              |     6 |     9 |    44 |     1 ||    60
  Dodge: Dodged            |    34 |    21 |   124 |     5 ||   184

Table legend: (Time is in decaauts)
 A = Elapsed time spent in this place.
 B = Non-inter-level travel time spent in this place.
 C = Inter-level travel time spent in this place.
 D = Time resting spent in this place.
 E = Time spent auto-exploring this place.
 F = Levels seen in this place.
 G = Mean time per level.
                   A        B        C        D        E       F      G
               +--------+--------+--------+--------+--------+-----+--------+
         Total |   8055 |   7857 |    198 |   2219 |   4073 |   9 |  895.0 |
       Dungeon |   8032 |   7846 |    186 |   2219 |   4073 |   8 | 1004.0 |
        Temple |     22 |     10 |     12 |      0 |      0 |   1 |   22.0 |
               +--------+--------+--------+--------+--------+-----+--------+

Top non-repeatable levels by time:
     D:6: 1640 daAuts
     D:7: 1118 daAuts
     D:3: 1080 daAuts
     D:1: 930 daAuts
     D:4: 884 daAuts
     D:5: 865 daAuts
     D:8: 779 daAuts
     D:2: 733 daAuts
  Temple: 22 daAuts
